 Dungeon Crawl Stone Soup version 0.25.0-26-g0c896c7088 (webtiles) character file.

Game seed: 4410454532298983627

49 protoss039 the Sneak (level 3, -1/19 HPs)
             Began as a Vampire Enchanter on July 4, 2020.
             Slain by Crazy Yiuf
             ... wielding a +2 quarterstaff of chaos
              (5 damage)
             ... while paralysed by Crazy Yiuf
             ... on level 2 of the Dungeon.
             The game lasted 00:03:39 (1528 turns).

protoss039 the Sneak (Vampire Enchanter)            Turns: 1528, Time: 00:03:40

Health: -1/19      AC:  3    Str:  7    XL:     3   Next: 53%
Magic:  0/6        EV:  2    Int: 17    God:
Gold:   48         SH:  0    Dex: 15    Spells: 0/6 levels left

rFire    . . .     SeeInvis +   a - +1 dagger
rCold    + + .     Gourm    .   (no shield)
rNeg     + + +     Faith    .   b - +0 robe
rPois    ∞         Spirit   .   (no helmet)
rElec    .         Reflect  .   (no cloak)
rCorr    .         Harm     .   (no gloves)
MR       .....                  h - +0 pair of boots
Stlth    +++++.....             (no amulet)
HPRegen  0.00/turn              (no ring)
MPRegen  0.10/turn              (no ring)

@: paralysed, very slightly contaminated, bloodless
A: no food, fangs 3, see invisible, unbreathing
a: Bat Form, Revivify


You were on level 2 of the Dungeon.
You were bloodless.

You visited 1 branch of the dungeon, and saw 2 of its levels.

You collected 48 gold pieces.

Inventory:

Hand Weapons
 a - a +1 dagger (weapon)
Armour
 b - a +0 robe (worn)
 h - a +0 pair of boots (worn)
Wands
 j - a wand of enslavement (5)
 k - a wand of flame (26)
Scrolls
 c - 2 scrolls of teleportation {unknown}
 f - a scroll of amnesia {unknown}
 g - 2 scrolls of immolation {unknown}
 i - a scroll of enchant weapon {unknown}
Potions
 d - a potion of brilliance {unknown}
 e - a potion of lignification {unknown}


   Skills:
 + Level 0.3 Fighting
 + Level 1.8 Short Blades
 + Level 2.3 Dodging
 + Level 5.5 Stealth
 + Level 2.3 Spellcasting
 + Level 4.9 Hexes


You couldn't memorise any spells.
You knew the following spells:

 Your Spells              Type           Power        Failure   Level  Hunger
a - Corona                Hex            ###....      2%          1    N/A
b - Confusing Touch       Hex            ###.....     8%          3    N/A
c - Ensorcelled Hibernat  Hex/Ice        ##....       11%         2    N/A

Your spell library contained the following spells:

 Spells                   Type           Power        Failure   Level  Hunger
 Tukima's Dance           Hex            ###.....     8%          3    N/A
 Dazzling Flash           Conj/Hex       ##....       21%         3    N/A

Dungeon Overview and Level Annotations

Branches:
Dungeon (2/15)

Altars:

Annotations:
D:2 Crazy Yiuf


Innate Abilities, Weirdness & Mutations

You do not eat.
You do not regenerate when monsters are visible.
You are frail without blood (-20% HP).
You can heal yourself when you bite living creatures.
You are immune to poison.
You have razor-sharp teeth.
You have supernaturally acute eyesight. (SInv)
You can survive without breathing.


Message History

You miscast Ensorcelled Hibernation.
You are very lightly contaminated with residual magic.
Nothing appears to happen.
Unknown command.
Unknown command.
Unknown command.
Unknown command.
Casting: Ensorcelled Hibernation (safe; 11% risk of failure)
Confirm with . or Enter, or press ? or * to list all spells.
Aiming: Ensorcelled Hibernation (safe; 11% risk of failure)
Press: ? - help, Shift-Dir - straight line, f/p - Crazy Yiuf
Aim: Crazy Yiuf, wielding a +2 quarterstaff of chaos and wearing a cursed +0 cloak (chance to defeat MR: 50%) Crazy Yiuf resists with some effort.
Crazy Yiuf screams, "Fluff King agre!"
Crazy Yiuf hits you with a +2 quarterstaff of chaos!
You suddenly lose the ability to move!
Crazy Yiuf hits you with a +2 quarterstaff of chaos!
* * * LOW HITPOINT WARNING * * *
Crazy Yiuf hits you with a +2 quarterstaff of chaos.
You die...

####
#..%....#.#.....#########.#
#....############ #######.#
#########..# #........
...........# #####
#........ ...........#
#)..# #........
...........# #...#
#........ ...........# ...
#......(. ...........# #g#
#........ .....####### ♣@♣♣
#........ .....# ♣♣.♣
#........ .....# ♣.♣♣
#........ .....# ♣♣.♣
#........ .....#######
♣♣.♣♣ #........
...........# ♣♣...♣
######### ####.......#
♣....♣ #### #.......#
#....# #... #########
#....# #...


You could see Crazy Yiuf.

Vanquished Creatures
  An adder (D:2)
  2 oozes (D:1)
  A dart slug (D:1)
  A leopard gecko (D:1)
  2 giant cockroaches (D:1)
  8 goblins
  3 hobgoblins (D:2)
  3 kobolds
  A bat (D:1)
  3 frilled lizards
  3 rats (D:2)
28 creatures vanquished.

Notes
Turn   | Place    | Note
-------+----------+-------------------------------------------
     0 | D:1      | protoss039 the Vampire Enchanter began the quest for the
                  | Orb.
     0 | D:1      | Reached XP level 1. HP: 13/13 MP: 3/3
   192 | D:1      | Reached XP level 2. HP: 14/19 MP: 3/5
   253 | D:1      | Reached skill level 5 in Stealth
   725 | D:2      | Reached XP level 3. HP: 21/24 MP: 6/6
  1398 | D:2      | Found a runed translucent door.
  1399 | D:2      | Noticed Crazy Yiuf
  1517 | D:2      | Learned a level 3 spell: Confusing Touch
  1520 | D:2      | Learned a level 2 spell: Ensorcelled Hibernation
  1526 | D:2      | Paralysed by Crazy Yiuf for 6 turns
  1528 | D:2      | Slain by Crazy Yiuf

Illustrated notes

Levels and vault maps discovered:
D:1:      minmay_arrival_stone_box, layout_loops_cross
D:2:      layout_basic, uniq_crazy_yiuf_cottage

Skill      XL: |  1  2 |
---------------+-------+-----
Stealth        | 5 |  5.5
Fighting       | |  0.3
Short Blades   | |  1.8
Dodging        | |  2.3
Spellcasting   | |  2.3
Hexes          | |  4.9

Action                   || total
-------------------------++-------
Melee: Dagger            ||    92
       Bite              ||     4
 Cast: Corona            ||    17
       Ensorcelled Hiber ||     2
 Abil: Exsanguinate      ||     1
 Stab: Sleeping          ||    10
Armor: Robe              ||    10
Dodge: Dodged            ||    45
